 Dungeon Crawl Stone Soup version 0.20-a0-513-g02c11fc (webtiles) character file.

30 Duskembrace the Vexing (level 3, -3/24 HPs)
             Began as a Vampire Enchanter on Jan 23, 2017.
             Slain by a centaur (9 damage)
             ... on level 1 of the Dungeon.
             The game lasted 00:05:06 (859 turns).

Duskembrace the Vexing (Vampire Enchanter)           Turns: 859, Time: 00:05:06

Health: -3/24      AC:  3    Str:  7    XL:     3   Next: 5%
Magic:  5/7        EV: 12    Int: 18    God:
Gold:   33         SH:  0    Dex: 14    Spells: 5/8 levels left

rFire    . . .     SeeInvis +   a - +1 dagger
rCold    . . .     Gourm    .   b - +0 robe
rNeg     + . .     Faith    .   (no shield)
rPois    .         Spirit   .   (no helmet)
rElec    .         Reflect  .   k - +0 cloak
rCorr    .         Harm     .   (no gloves)
MR       .....                  (no boots)
Stlth    ++........             (no amulet)
Regen    0.1/turn               (no ring)
                                i - ring of loudness (curse)

@: no status effects
A: fangs 3, see invisible, unbreathing
a: Bat Form


You were on level 1 of the Dungeon.
You were not thirsty.

You visited 1 branch of the dungeon, and saw 1 of its levels.

You collected 33 gold pieces.

Inventory:

Hand Weapons
 a - a +1 dagger (weapon)
Missiles
 e - 17 poisoned needles
Armour
 b - a +0 robe (worn)
 k - a +0 cloak (worn)
Jewellery
 i - a cursed ring of loudness (left hand)
Potions
 d - 6 potions of blood
 g - a potion of might {unknown}
 h - 2 potions of berserk rage
 j - a potion of haste {unknown}
 l - a potion of curing {unknown}
 m - a potion of brilliance {unknown}
 n - a potion of resistance {unknown}
Books
 c - a book of Maledictions

   Spells                             Type                      Level
   a - Corona                         Hexes                        1
   b - Ensorcelled Hibernation        Hexes/Ice                    2
   c - Confuse                        Hexes                        3
   d - Tukima's Dance                 Hexes                        3
   e - Dazzling Spray                 Conjuration/Hexes            3


   Skills:
 + Level 1.8 Short Blades
 - Level 2.1 Dodging
 - Level 4.4 Stealth
 - Level 3.0 Spellcasting
 - Level 4.4 Hexes


You had 5 spell levels left.
You knew the following spells:

 Your Spells              Type           Power        Failure   Level  Hunger
a - Corona                Hex            ###....      2%          1    None
b - Ensorcelled Hibernat  Hex/Ice        ##....       12%         2    ##.....


Dungeon Overview and Level Annotations

Branches:
Dungeon (1/15)

Altars:


Innate Abilities, Weirdness & Mutations

You have razor-sharp teeth.
You have supernaturally acute eyesight. (SInv)
You can survive without breathing.


Message History

The arrow closely misses you.
The centaur shoots an arrow.
The arrow hits you!
You see here an arrow.
The centaur shoots an arrow.
The arrow completely misses you.
The centaur shoots an arrow.
The arrow hits you.
* * * LOW HITPOINT WARNING * * *
You see here an arrow.
The centaur unwields an uncursed shortbow.
The centaur barely misses you.
Casting: Ensorcelled Hibernation
Confirm with . or Enter, or press ? or * to list all spells.
Aiming: Ensorcelled Hibernation
Press: ? - help, Shift-Dir - straight line, f - centaur
Aim: a centaur (chance to defeat MR: 41%)
The centaur looks drowsy...
The helpless centaur fails to defend itself.
You impale the centaur!!
The centaur is almost dead.
The centaur closely misses you. The centaur hits you!
You die...

#............###...#.........####
...........#..###..#.....#####
...........##.........##.########
..............................>..
#...).)...............#.#........
#.............####......#........
#..............###...####........
..###..#####...c......###........
................@................
........#########(##..###........
.......## #.(....##........
.......# ###((........####
.......# #####(.....# .......#
#.....# ##.....# ####### #.....#
#)....####


You could see a centaur.

Vanquished Creatures
  2 oozes (D:1)
  A dart slug (D:1)
  A ball python (D:1)
  A bat (D:1)
  A giant cockroach (D:1)
  6 goblins (D:1)
  3 hobgoblins (D:1)
  A kobold (D:1)
  2 rats (D:1)
18 creatures vanquished.

Notes
Turn   | Place    | Note
-------+----------+-------------------------------------------
     0 | D:1      | Duskembrace the Vampire Enchanter began the quest for the Orb.
     0 | D:1      | Reached XP level 1. HP: 13/13 MP: 3/3
   297 | D:1      | Reached XP level 2. HP: 14/19 MP: 1/5
   301 | D:1      | Learned a level 2 spell: Ensorcelled Hibernation
   696 | D:1      | Reached XP level 3. HP: 10/24 MP: 2/7
   852 | D:1      | Noticed a centaur
   859 | D:1      | Slain by a centaur

Vault maps used:
D:1:      kennysheep_arrival_forest

Skill      XL: |  1  2 |
---------------+-------+-----
Spellcasting   | 3 |  3.0
Short Blades   | |  1.8
Dodging        | |  2.1
Stealth        | |  4.4
Hexes          | |  4.4

Action                   || total
-------------------------++-------
Melee: Dagger            ||    52
       Bite              ||     5
 Cast: Corona            ||     7
       Ensorcelled Hiber ||     4
  Use: Scroll            ||     3
 Stab: Sleeping          ||     6
  Eat: Corpse            ||     1
Armor: Robe              ||    14
Dodge: Dodged            ||    39
